 Dungeon Crawl Stone Soup version 0.28.0-62-gf88900778d (webtiles) character file.

Game seed: 9513263169170516422

374 cbfl8 the Chopper (level 6, -10/82 HPs)
             Began as a Hill Orc Berserker on Aug 25, 2023.
             Was a Follower of Trog.
             Mangled by Prince Ribbit (18 damage)
             ... on level 5 of the Dungeon.
             The game lasted 00:02:49 (4548 turns).

cbfl8 the Chopper (Hill Orc Berserker)              Turns: 4548, Time: 00:02:49

Health: -10/82     AC:  5    Str: 20    XL:     6   Next: 72%
Magic:  6/6        EV: 10    Int:  7    God:    Trog [*.....]
Gold:   168        SH:  5    Dex: 12    Spells: 5/5 levels left

rFire   . . .      SeeInvis .   a - +0 hand axe
rCold   . . .      Faith    .   c - +2 buckler
rNeg    . . .      Spirit   .   d - +0 ring mail
rPois   +          Reflect  .   (no helmet)
rElec   .          Harm     .   (no cloak)
rCorr   .          Rampage  .   (no gloves)
Will    .....                   (no boots)
Stlth   ..........              (no amulet)
HPRegen 0.23/turn               i - ring of poison resistance
MPRegen 0.10/turn               (no ring)

@: berserking (expiring), very quick
A: no striking features
a: Renounce Religion, Berserk


You were on level 5 of the Dungeon.
You worshipped Trog.
Trog was aware of your devotion.
You visited 1 branch of the dungeon, and saw 5 of its levels.

You collected 168 gold pieces.

Inventory:

Hand Weapons
 a - a +0 hand axe (weapon)
Missiles
 e - 2 throwing nets (quivered)
Armour
 c - a +2 buckler (worn)
 d - a +0 ring mail (worn)
Jewellery
 i - a ring of poison resistance (left hand)
Wands
 o - a wand of polymorph (12)
Scrolls
 f - a scroll of holy word
 g - a scroll of magic mapping
 j - a scroll of noise {unknown}
 k - a scroll of immolation {unknown}
 l - a scroll of torment {unknown}
Potions
 b - a potion of ambrosia {unknown}
 h - a potion of resistance {unknown}
 m - 2 potions of curing {unknown}
 n - a potion of heal wounds {unknown}
 p - a potion of haste {unknown}


   Skills:
 + Level 4.9 Fighting
 + Level 6.4 Axes
 * Level 0.8 Throwing
 + Level 3.7 Armour
 - Level 1.5 Dodging
 - Level 0.1 Stealth
 + Level 0.9 Shields
 * Level 2.8 Evocations


You had 5 spell levels left.
You didn't know any spells.
Your spell library was empty.

Dungeon Overview and Level Annotations

Branches:
Dungeon (4/15)
 Temple: D:4-7

Altars:
Elyvilon
Ru
Vehumet

Annotations:
D:5 Prince Ribbit


Message History

The howler monkey is heavily wounded.
You miss Prince Ribbit. Prince Ribbit hits you.
The howler monkey hoots and howls with incredible vigour!
You hear an angry buzzing noise.
You hear an angry hiss. x2; You hear a shout!
Unknown command.
You barely miss the howler monkey.
The howler monkey is heavily wounded.
You slash Prince Ribbit! Prince Ribbit misses you.
Unknown command.
You slash Prince Ribbit!
Prince Ribbit is heavily wounded.
You slash the howler monkey! The howler monkey closely misses you.
Prince Ribbit hits you!
You barely miss Prince Ribbit.
Prince Ribbit is heavily wounded.
You slash the howler monkey!
You kill the howler monkey!
Trog accepts your kill.
A jelly comes into view.
Prince Ribbit croaks regally.
Prince Ribbit closely misses you.
You miss Prince Ribbit.
Prince Ribbit is heavily wounded.
The jelly quivers.
You miss Prince Ribbit.
Prince Ribbit is heavily wounded.
Prince Ribbit hits you! Prince Ribbit barely misses you.
You miss Prince Ribbit.
Prince Ribbit is heavily wounded.
A hornet comes into view.
Prince Ribbit hits you!
* * * LOW HITPOINT WARNING * * *
You closely miss Prince Ribbit.
Prince Ribbit is heavily wounded.
Prince Ribbit hits you!
* * * LOW HITPOINT WARNING * * *
You hit Prince Ribbit.
Prince Ribbit is severely wounded.
Prince Ribbit hits you!!
You die...

#. ###### .## #.# .....#
..#######.# .....#.
#.........#######.......
#................F..J<..
..(#............@.......
........#...............
........................
..............###.......
..............# ###....
..............# y...
..........>...... ...
..............### .#
...............#


You could see Prince Ribbit, a hornet and a jelly.

Vanquished Creatures
  Sigmund (D:2)
  A kobold brigand (D:3)
  A howler monkey (D:5)
  4 gnolls
  An adder (D:3)
  5 worms
  4 orcs
  4 bats
  An endoplasm (D:2)
  A giant cockroach (D:1)
  4 goblins
  8 hobgoblins
  3 quokkas
  2 ball pythons (D:2)
  3 frilled lizards
  4 kobolds (D:1)
  6 rats
53 creatures vanquished.

Notes
Turn   | Place    | Note
-------+----------+-------------------------------------------
     0 | D:1      | cbfl8 the Hill Orc Berserker began the quest for the Orb.
     0 | D:1      | Reached XP level 1. HP: 19/19 MP: 1/1
   575 | D:1      | Reached XP level 2. HP: 27/27 MP: 2/2
   847 | D:1      | Reached skill level 1 in Evocations
   953 | D:1      | Reached XP level 3. HP: 33/33 MP: 3/3
  1278 | D:2      | Noticed a shining eye
  1281 | D:2      | Found a faded altar of an unknown god.
  1283 | D:2      | Noticed a floating eye
  1283 | D:2      | Noticed an eye of devastation
  1283 | D:2      | Noticed a great orb of eyes
  1613 | D:2      | Noticed Sigmund
  1943 | D:2      | Killed Sigmund
  1944 | D:2      | Reached skill level 5 in Axes
  1944 | D:2      | Reached XP level 4. HP: 41/41 MP: 4/4
  1944 | D:2      | Reached XP level 5. HP: 47/47 MP: 5/5
  2527 | D:2      | Reached skill level 6 in Axes
  2721 | D:2      | Reached XP level 6. HP: 33/53 MP: 6/6
  3606 | D:3      | Found a white marble altar of Elyvilon.
  3743 | D:3      | Found a radiant altar of Vehumet.
  4364 | D:3      | Found a sacrificial altar of Ru.
  4428 | D:4      | You fall into a shaft and drop 1 floor!
  4428 | D:5      | Entered Level 5 of the Dungeon
  4531 | D:5      | Noticed Prince Ribbit
  4546 | D:5      | Noticed a hornet
  4548 | D:5      | Mangled by Prince Ribbit

Illustrated notes

Levels and vault maps discovered:
D:1:      wander_arrival_peaceful_grave, layout_basic
D:2:      layout_loops_corners, hellmonk_ecumenical_altar_watching_god,
          uniq_sigmund
D:3:      layout_loops_cross, nicolae_ru_the_path_less_chosen, vehumet_crystals,
          nicolae_elyvilon_peaceful_grove
D:4:      layout_loops_cross, mainiacjoe_overflow_brackets, bloody_trog,
          serial_shops, shop_statue, minmay_unequal
D:5:      layout_rooms, grunt_temple_overflow_holy_war, kennysheep_mini_moat,
          uniq_prince_ribbit1

Skill      XL: |  1  2  3  4  5 |
---------------+----------------+-----
Fighting       | 4 |  4.9
Evocations     | 1 2 |  2.8
Axes           | 5 6 |  6.4
Armour         | 3 |  3.7
Throwing       | |  0.8
Dodging        | |  1.5
Stealth        | |  0.1
Shields        | |  0.9

Action                   |  1- 3 |  4- 6 || total
-------------------------+-------+-------++-------
Melee: Hand axe          |    88 |   148 ||   236
Invok: Berserk           |     1 |     2 ||     3
  Use: Scroll            |       |     2 ||     2
Armor: Animal skin       |     9 |       ||     9
       Ring mail         |    18 |    35 ||    53
Dodge: Dodged            |    33 |    61 ||    94
Block: Buckler           |    10 |    23 ||    33
